 Dungeon Crawl Stone Soup version 0.28.0-45-g0d030f2227 (webtiles) character file.

Game seed: 12774730860914873297

5887 Moraff the Blocker (level 10, -7/82 HPs)
             Began as a Gnoll Fighter on May 1, 2022.
             Was a Priest of Okawaru.
             Mangled by a wyvern (8 damage)
             ... on level 9 of the Dungeon.
             The game lasted 00:18:14 (11434 turns).

Moraff the Blocker (Gnoll Fighter)                 Turns: 11434, Time: 00:18:14

Health: -7/82      AC: 22    Str: 26    XL:     10   Next: 82%
Magic:  17/18      EV: 11    Int:  7    God:    Okawaru [***...]
Gold:   450        SH:  0    Dex: 12    Spells: 20/20 levels left

rFire   . . .      SeeInvis .   a - +1 war axe
rCold   . . .      Faith    .   c - +0 buckler
rNeg    . . .      Spirit   .   D - +0 plate armour
rPois   .          Reflect  .   n - +0 helmet
rElec   .          Harm     .   u - +1 cloak
rCorr   .          Rampage  .   (no gloves)
Will    +....                   p - +0 pair of boots
Stlth   ..........              (no amulet)
HPRegen 0.23/turn               i - ring of willpower
MPRegen 0.16/turn               H - +6 ring of strength

@: confused, lethally poisoned (-7 -> -22), heroic
A: fangs 1, strong nose, distributed training
a: Renounce Religion, Heroism


You were on level 9 of the Dungeon.
You worshipped Okawaru.
Okawaru was most pleased with you.
You visited 2 branches of the dungeon, and saw 10 of its levels.

You collected 450 gold pieces.

Inventory:

Hand Weapons
 a - a +1 war axe (weapon)
Missiles
 d - 5 boomerangs of dispersal
 o - 11 poisoned darts (quivered)
 x - a throwing net
Armour
 c - a +0 buckler (worn)
 n - a +0 helmet (worn)
 p - a +0 pair of boots (worn)
 u - a +1 cloak (worn)
 D - a +0 plate armour (worn)
Jewellery
 i - a ring of willpower (left hand)
 q - a ring of fire
 z - a ring of wizardry
 H - a +6 ring of strength (right hand)
Wands
 b - a wand of digging (5)
 m - a wand of acid (1)
 w - a wand of paralysis (3)
 y - a wand of flame (10)
Scrolls
 e - a scroll of amnesia
 t - 3 scrolls of teleportation
 v - 2 scrolls of magic mapping
Potions
 f - a potion of haste
 g - 2 potions of degeneration
 h - a potion of resistance
 j - a potion of flight
 l - 2 potions of cancellation
 r - a potion of curing
 s - 2 potions of attraction
 C - a potion of brilliance {unknown}
 F - a potion of magic {unknown}
 G - a potion of mutation {unknown}


   Skills:
 + Level 8.7(13.7) Fighting
 + Level 5.6(10.6) Short Blades
 + Level 5.6(10.6) Long Blades
 + Level 7.3(12.3) Axes
 + Level 5.6(10.6) Maces & Flails
 + Level 5.6(10.6) Polearms
 + Level 5.6(10.6) Staves
 + Level 5.6(10.6) Slings
 + Level 5.6(10.6) Bows
 + Level 5.6(10.6) Crossbows
 + Level 5.6(10.6) Throwing
 + Level 8.7(13.7) Armour
 + Level 5.6(10.6) Dodging
 + Level 5.6(10.6) Stealth
 + Level 8.7(13.7) Shields
 + Level 5.6(10.6) Unarmed Combat
 + Level 5.6 Spellcasting
 + Level 4.6 Conjurations
 + Level 4.6 Hexes
 + Level 4.6 Summonings
 + Level 4.6 Necromancy
 + Level 4.6 Translocations
 + Level 4.6 Transmutations
 + Level 4.6 Fire Magic
 + Level 4.6 Ice Magic
 + Level 4.6 Air Magic
 + Level 4.6 Earth Magic
 + Level 4.6 Poison Magic
 + Level 6.2 Invocations
 + Level 5.6 Evocations


You had 20 spell levels left.
You didn't know any spells.
Your spell library contained the following spells:

 Spells                   Type           Power      Damage    Failure   Level
 Apportation              Tloc           16%        N/A       34%         1
 Foxfire                  Conj/Fire      32%        2x1d5     34%         1
 Conjure Flame            Conj/Fire      8%         6-21      71%         3
 Inner Flame              Hex/Fire       8%         N/A       71%         3
 Flame Wave               Conj/Fire      8%         2d5       98%         4
 Alistair's Intoxication  Tmut/Pois      5%         N/A       100%        5
 Borgnjor's Vile Clutch   Necr/Erth      4%         N/A       100%        5
 Eringya's Noxious Bog    Tmut/Pois      4%         N/A       100%        6
 Animate Skeleton         Necr           Unusable   N/A       N/A         1
 Summon Small Mammal      Summ           Unusable   N/A       N/A         1

Dungeon Overview and Level Annotations

Branches:
Dungeon (9/15)             Temple (1/1) D:5            Lair (0/6) D:8
    Orc: D:9-12

Altars:
Cheibriados
Dithmenos
Fedhas
Gozag
Hepliaklqana
Kikubaaqudgha
Makhleb
Nemelex Xobeh
Okawaru
Qazlal
Ru
Sif Muna
Vehumet
Wu Jian
Xom
Yredelemnul

Shops:
D:1 [

Portals:
Abyss: D:4

Annotations:
D:9 Erica


Innate Abilities, Weirdness & Mutations

You have very sharp teeth.
Your uncanny sense of smell can sniff out nearby items.
Your experience applies equally to all skills.


Message History

You hear some strange, mumbled words.
You are confused.
The wyvern bites you.
You barely miss something. You hit the wyvern.
You hear some strange, mumbled words.
A bolt of poison appears from out of thin air!
The bolt of poison hits you!!
You are poisoned.
The wyvern barely misses you.
You slash the wyvern! Your bite misses the wyvern.
The wyvern is severely wounded.
You miss something.
You feel very sick. The wyvern closely misses you.
You hear some strange, mumbled words.
Something tries to affect you, but you resist.
You hit the wyvern but do no damage. Your bite misses the wyvern.
The wyvern is severely wounded.
You barely miss something.
You feel sick. The wyvern bites you.
* * * LOW HITPOINT WARNING * * *
Something hits you but does no damage.
The wyvern bites you but does no damage.
You hit something. You closely miss the wyvern.
You feel sick.
You hear some strange, mumbled words.
A bolt of poison appears from out of thin air!
The bolt of poison hits you!
You are lethally poisoned!
* * * LOW HITPOINT WARNING * * *
The wyvern closely misses you.
* * * LOW HITPOINT WARNING * * *
You feel very sick.
The wyvern bites you but does no damage.
You are too confused!
Okay, then.
You closely miss something. Your bite misses something. You hit the wyvern.
* * * LOW HITPOINT WARNING * * *
You feel very sick.
The wyvern bites you but does no damage.
Something hits you but does no damage. The wyvern bites you!
You die...

#. #. ####
##.########...##
#....................
#.......#..#.#.......
#........#...#.......
#....<.#..#..#.......
#...@l..#..#.#.......
#........#).)#.......
#......#..#))#)......
#####...#..#)).......
#......#...#.......
#.#..#..#..........
#.##..#..#..###.###
####.##...#....# ..∆
#.......#..#...# #'


You could see a wyvern.

Vanquished Creatures
  Pikel (D:6)
  Psyche (D:9)
  A troll (D:9)
  Grinder (D:6)
  Sigmund (D:3)
  Eustachio (D:5)
  4 humans (D:7)
  A steam dragon (D:6)
  Menkaure (D:4)
  The ghost of azzeron2000 the Conjurer, an amateur DsFE (D:4)
  Edmund (D:5)
  3 water moccasins
  3 sky beasts
  An orc warrior (D:7)
  2 ice beasts (D:7)
  2 small abominations (D:4)
  An ogre (D:5)
  4 centaurs
  A lemure (D:6)
  A kobold brigand (D:9)
  Blork the orc (D:5)
  A bullfrog (D:6)
  3 scorpions
  12 killer bees
  5 wights (D:7)
  A howler monkey (D:4)
  A bullfrog zombie (D:5)
  A centaur zombie (D:8)
  3 jellies (D:6)
  A gnoll shaman (D:6)
  A hound (D:4)
  An orc priest (D:5)
  5 iguanas
  5 orc wizards
  A killer bee zombie (D:7)
  2 hound skeletons
  Robin (D:4)
  A howler monkey skeleton (D:7)
  5 gnolls (D:6)
  5 adders
  2 shadow imps
  A white imp (D:6)
  An ufetubus (D:6)
  3 worms (D:3)
  3 dart slugs
  20 orcs
  9 endoplasms
  4 giant cockroaches
  13 goblins
  12 hobgoblins
  7 jackals
  2 quokkas (D:2)
  8 ball pythons
  8 bats
  5 frilled lizards
  15 kobolds
  2 rats
203 creatures vanquished.

Notes
Turn   | Place    | Note
-------+----------+-------------------------------------------
     0 | D:1      | Moraff the Gnoll Fighter began the quest for the Orb.
     0 | D:1      | Reached XP level 1. HP: 23/23 MP: 1/1
   256 | D:1      | Reached XP level 2. HP: 25/29 MP: 2/2
   532 | D:1      | Found Hiatiof's Armour Shop.
   663 | D:1      | Reached XP level 3. HP: 35/35 MP: 3/3
  1052 | D:2      | Reached skill level 1 in Invocations
  1136 | D:2      | Reached skill level 1 in Short Blades
  1136 | D:2      | Reached skill level 1 in Long Blades
  1136 | D:2      | Reached skill level 1 in Maces & Flails
  1136 | D:2      | Reached skill level 1 in Polearms
  1136 | D:2      | Reached skill level 1 in Staves
  1136 | D:2      | Reached skill level 1 in Slings
  1136 | D:2      | Reached skill level 1 in Bows
  1136 | D:2      | Reached skill level 1 in Crossbows
  1136 | D:2      | Reached skill level 1 in Throwing
  1136 | D:2      | Reached skill level 1 in Dodging
  1136 | D:2      | Reached skill level 1 in Stealth
  1136 | D:2      | Reached skill level 1 in Unarmed Combat
  1136 | D:2      | Reached skill level 1 in Spellcasting
  1136 | D:2      | Reached skill level 1 in Evocations
  1138 | D:2      | Reached XP level 4. HP: 31/41 MP: 5/5
  1969 | D:3      | Reached skill level 1 in Conjurations
  1969 | D:3      | Reached skill level 1 in Hexes
  1969 | D:3      | Reached skill level 1 in Summonings
  1969 | D:3      | Reached skill level 1 in Necromancy
  1969 | D:3      | Reached skill level 1 in Translocations
  1969 | D:3      | Reached skill level 1 in Transmutations
  1969 | D:3      | Reached skill level 1 in Fire Magic
  1969 | D:3      | Reached skill level 1 in Ice Magic
  1969 | D:3      | Reached skill level 1 in Air Magic
  1969 | D:3      | Reached skill level 1 in Earth Magic
  1969 | D:3      | Reached skill level 1 in Poison Magic
  2267 | D:3      | Noticed Sigmund
  2279 | D:3      | Killed Sigmund
  2280 | D:3      | Reached XP level 5. HP: 28/47 MP: 5/7
  2280 | D:3      | Reached XP level 6. HP: 31/53 MP: 5/8
  2971 | D:4      | Reached skill level 5 in Axes
  3041 | D:4      | Found a one-way gate to the infinite horrors of the Abyss.
  3041 | D:4      | Noticed azzeron2000's ghost (amateur DsFE)
  3041 | D:4      | Noticed a small abomination
  3096 | D:4      | Noticed a small abomination
  3253 | D:4      | Found a transporter.
  3269 | D:4      | Noticed Menkaure
  3272 | D:4      | Killed Menkaure
  3273 | D:4      | Reached XP level 7. HP: 60/60 MP: 10/10
  3380 | D:4      | Found a transporter.
  3522 | D:4      | Noticed Robin
  3544 | D:4      | Killed Robin
  3778 | D:4      | Identified the +3 robe of the Stars {*Slow Int+3}
  4304 | D:4      | Killed azzeron2000's ghost
  4313 | D:4      | Killed a small abomination
  4314 | D:4      | Reached XP level 8. HP: 36/67 MP: 12/12
  4530 | D:5      | Entered Level 5 of the Dungeon
  4907 | D:5      | Noticed Edmund
  4953 | D:5      | Killed Edmund
  5415 | D:5      | Noticed Blork the orc
  5429 | D:5      | Killed Blork the orc
  5532 | D:5      | Reached XP level 9. HP: 72/72 MP: 14/14
  5650 | D:5      | Found a shimmering altar of Xom.
  5762 | D:5      | Noticed Eustachio
  5786 | D:5      | Killed Eustachio
  5790 | D:5      | Found a shadowy altar of Dithmenos.
  6100 | D:5      | Found a staircase to the Ecumenical Temple.
  6105 | Temple   | Entered the Ecumenical Temple
  6175 | Temple   | Became a worshipper of Warmaster Okawaru
  6267 | D:6      | Noticed Grinder
  6277 | D:6      | Killed Grinder
  7061 | D:6      | Noticed Pikel
  7087 | D:6      | Killed Pikel
  7087 | D:6      | Reached * piety under Okawaru
  7088 | D:6      | Reached skill level 5 in Invocations
  7641 | D:7      | Reached ** piety under Okawaru
  7655 | D:7      | Reached XP level 10. HP: 47/80 MP: 17/17
  8105 | D:7      | Reached skill level 5 in Short Blades
  8105 | D:7      | Reached skill level 5 in Long Blades
  8105 | D:7      | Reached skill level 5 in Maces & Flails
  8105 | D:7      | Reached skill level 5 in Polearms
  8105 | D:7      | Reached skill level 5 in Staves
  8105 | D:7      | Reached skill level 5 in Slings
  8105 | D:7      | Reached skill level 5 in Bows
  8105 | D:7      | Reached skill level 5 in Crossbows
  8105 | D:7      | Reached skill level 5 in Throwing
  8105 | D:7      | Reached skill level 5 in Dodging
  8105 | D:7      | Reached skill level 5 in Stealth
  8105 | D:7      | Reached skill level 5 in Unarmed Combat
  8105 | D:7      | Reached skill level 5 in Spellcasting
  8105 | D:7      | Reached skill level 5 in Evocations
  8763 | D:7      | Reached *** piety under Okawaru
 10216 | D:8      | Found a staircase to the Lair.
 10886 | D:9      | Noticed Psyche
 11061 | D:9      | Killed Psyche
 11100 | D:9      | Noticed Erica
 11434 | D:9      | HP: 1/82 [poisoned by Erica (bolt of poison)]
 11434 | D:9      | Mangled by a wyvern

Illustrated notes

Levels and vault maps discovered:
D:1:      amcnicky_arrival_single_pillar, layout_loops_cross, serial_shops,
          nicolae_square_shop, amethyst_killhole, chequers_decorated_corner
D:2:      layout_loops_ring
D:3:      minmay_skewed_foursquare, layout_basic, uniq_sigmund
D:4:      layout_gridville, gammafunk_ghost_abyssal_escape, uniq_robin,
          uniq_menkaure
D:5:      layout_basic, mainiacjoe_overflow_surrounded_room,
          grunt_dithmenos_smoke, uniq_blork_the_orc, uniq_eustachio, uniq_edmund
D:6:      layout_basic, uniq_grinder, uniq_pikel
D:7:      layout_cave_pools, minmay_ruffians
D:8:      layout_loops_ring, lair_entry_dummy
D:9:      layout_roguey, grunt_temple_overflow_open,
          mainiacjoe_overflow_small_starburst, minmay_misc_feat_diagonals,
          uniq_harold, uniq_grum, uniq_maurice, uniq_psyche, uniq_erica
Temple:   eino_temple_lava

Skill      XL: |  1  2  3  4  5  6  7  8  9 10 |
---------------+-------------------------------+-----
Invocations    | 1 2 3 4 5 6 |  6.2
Short Blades   | 1 2 3 4 5 |  5.6
Long Blades    | 1 2 3 4 5 |  5.6
Maces & Flails | 1 2 3 4 5 |  5.6
Polearms       | 1 2 3 4 5 |  5.6
Staves         | 1 2 3 4 5 |  5.6
Slings         | 1 2 3 4 5 |  5.6
Bows           | 1 2 3 4 5 |  5.6
Crossbows      | 1 2 3 4 5 |  5.6
Throwing       | 1 2 3 4 5 |  5.6
Dodging        | 1 2 3 4 5 |  5.6
Stealth        | 1 2 3 4 5 |  5.6
Unarmed Combat | 1 2 3 4 5 |  5.6
Spellcasting   | 1 2 3 4 5 |  5.6
Evocations     | 1 2 3 4 5 |  5.6
Conjurations   | 1 2 3 4 |  4.6
Hexes          | 1 2 3 4 |  4.6
Summonings     | 1 2 3 4 |  4.6
Necromancy     | 1 2 3 4 |  4.6
Translocations | 1 2 3 4 |  4.6
Transmutations | 1 2 3 4 |  4.6
Fire Magic     | 1 2 3 4 |  4.6
Ice Magic      | 1 2 3 4 |  4.6
Air Magic      | 1 2 3 4 |  4.6
Earth Magic    | 1 2 3 4 |  4.6
Poison Magic   | 1 2 3 4 |  4.6
Axes           | 5 6 7 |  7.3
Fighting       | 7 8 |  8.7
Armour         | 7 8 |  8.7
Shields        | 7 8 |  8.7

Action                   |  1- 3 |  4- 6 |  7- 9 | 10-12 || total
-------------------------+-------+-------+-------+-------++-------
Melee: War axe           |   106 |   136 |   329 |   271 ||   842
       Bite              |    11 |    13 |    29 |    32 ||    85
Throw: Dart              |       |       |       |     6 ||     6
Invok: Heroism           |       |       |       |     1 ||     1
Evoke: Wand              |       |     4 |       |     6 ||    10
  Use: Scroll            |       |     2 |     8 |     4 ||    14
       Potion            |       |       |     2 |     3 ||     5
Armor: Scale mail        |    51 |    34 |       |       ||    85
       Chain mail        |       |    20 |   213 |   176 ||   409
       Plate armour      |       |       |       |    54 ||    54
Dodge: Dodged            |    63 |    63 |   100 |   157 ||   383
Block: Buckler           |    23 |    29 |   112 |   102 ||   266
